 Dungeon Crawl Stone Soup version 0.15.0-14-g6bbbb5c (webtiles) character file.

1584 Kex the Chopper (level 8, -8/106 HPs)
             Began as a Minotaur Berserker on Sept 5, 2014.
             Was a High Priest of Trog.
             Killed by divine providence
             ... invoked by an orc priest
              (13 damage)
             ... on Level 6 of the Dungeon.
             The game lasted 00:19:40 (5218 turns).

Kex the Chopper (Minotaur Berserker)                Turns: 5218, Time: 00:19:41

HP  -8/106       AC  8     Str 27      XL: 8   Next: 61%
MP   0/3         EV  8     Int  4      God: Trog [*****.]
Gold 272         SH 10     Dex 12      Spells:  0 memorised,  7 levels left

rFire  . . .     SeeInvis .     a - +1 hand axe
rCold  . . .     Clarity  .     G - +0 scale mail
rNeg   . . .     rCorr    .     D - +0 shield
rPois  .         rRot     .     (helmet restricted)
rElec  .         Spirit   +     (no cloak)
SustAb .         Warding  .     n - +0 pair of gloves
rMut   .         Stasis   .     (no boots)
Gourm  .                        w - amulet of guardian spirit
MR     ++...                    (no ring)
                                (no ring)

@: berserking, regenerating, very quick, very resistant to hostile enchantments,
extremely unstealthy
A: retaliatory headbutt, horns 2
a: Burn Spellbooks, Berserk, Trog's Hand, Brothers in Arms, Renounce Religion


You were on level 6 of the Dungeon.
You worshipped Trog.
Trog was extremely pleased with you.
You were not hungry.

You visited 1 branch of the dungeon, and saw 6 of its levels.

You collected 272 gold pieces.

Inventory:

Hand weapons
 a - a +1 hand axe (weapon)
Armour
 b - a +0 animal skin
 n - a +0 pair of gloves (worn)
 D - a +0 shield (worn)
 G - a +0 scale mail (worn)
Magical devices
 s - a wand of confusion (8) {unknown}
 y - a wand of teleportation (0)
 E - a wand of fireball (6) {unknown}
 H - a wand of teleportation (4)
Comestibles
 c - 5 bread rations
 z - a slice of pizza
 L - a meat ration
Scrolls
 e - 4 scrolls of remove curse
 h - 4 scrolls of teleportation
 i - 2 scrolls of magic mapping {unknown}
 l - 3 scrolls of fear
 q - a scroll of enchant armour {unknown}
 r - a scroll of amnesia {unknown}
 A - a scroll of recharging {unknown}
 B - a scroll of blinking
 K - a scroll of identify
Jewellery
 u - an uncursed ring of invisibility {unknown}
 v - a +1 ring of slaying {unknown}
 w - an amulet of guardian spirit (around neck)
 C - an uncursed ring of see invisible {unknown}
 F - an uncursed amulet of faith {unknown}
Potions
 d - a potion of flight {unknown}
 f - a potion of restore abilities {unknown}
 g - a potion of lignification {unknown}
 j - a potion of haste {unknown}
 k - a potion of magic {unknown}
 m - a potion of cancellation {unknown}
 o - a potion of heal wounds {unknown}
 p - a potion of poison {unknown}
 t - a potion of confusion {unknown}
 x - 3 potions of curing {unknown}
 J - a potion of brilliance {unknown}


   Skills:
 + Level 6.8 Fighting
 + Level 7.7 Axes
 + Level 5.3 Armour
 + Level 6.5 Dodging
 + Level 1.3 Stealth
 + Level 3.4 Shields


You had 7 spell levels left.
You didn't know any spells.

Dungeon Overview and Level Annotations

Branches:
Dungeon (6/15)
 Temple: D:4-7

Altars:
Ashenzari
Cheibriados
Dithmenos
Elyvilon
Fedhas
Kikubaaqudgha
Makhleb
Sif Muna
Trog
Vehumet
Yredelemnul


Innate Abilities, Weirdness & Mutations

You reflexively headbutt those who attack you in melee.
You have a pair of horns on your head.


Message History

The orc warrior hits you with a hand axe!
* * * LOW HITPOINT WARNING * * *
Use which ability? (? or * to list)
A red film seems to cover your vision as you go berserk!
You feel yourself moving faster!
You feel mighty!
You feel somewhat more hungry. The orc hits you with a dagger.
* * * LOW HITPOINT WARNING * * *
You are too injured to fight recklessly!
You are too injured to fight recklessly!
You barely miss the orc warrior. Your headbutt misses the orc warrior.
The orc warrior is almost dead.
You block the orc warrior's attack. The orc barely misses you.
You furiously retaliate!
You headbutt the orc!
You kill the orc!
Trog accepts your kill.
You barely miss the orc warrior.
The orc warrior is almost dead.
The orc priest invokes the aid of Beogh against you.
Something smites you!
You die...

#######....####..
+................>
########(.###.#.. ##(## #
#(.# # ##.##.# #oo#.#
##)#.########.
#@o..........#
##...........##
#..............
###.#.........#
#########...#........#
#.......#.###........#
#.......#.##..>......#
#.........##.##......####
########.#####.##.........#


You could see an orc warrior, an orc priest and an orc.

Vanquished Creatures
  The ghost of magipi the Spear-Bearer, an experienced MfGl of Fedhas (D:5)
  A sky beast (D:5)
  An ogre (D:5)
  A phantom (D:4)
  2 centaurs
  2 scorpions
  3 jellies (D:5)
  A vampire bat (D:5)
  A crimson imp (D:5)
  A quasit (D:6)
  A goliath beetle (D:6)
  A hound (D:4)
  An orc priest (D:5)
  3 worker ants (D:4)
  Terence (D:3)
  10 adders
  A shadow imp (D:5)
  10 worms
  An iguana zombie (D:6)
  An adder skeleton (D:5)
  3 fire bats (D:5)
  3 giant geckos
  2 oozes
  13 orcs
  2 spectral bats (D:5)
  3 bat skeletons (D:5)
  A bat zombie (D:5)
  2 giant cockroaches
  13 goblins
  12 hobgoblins
  12 jackals (D:5)
  3 quokkas
  4 ball pythons
  17 bats
  A bat simulacrum (D:5)
  4 giant newts
  A hobgoblin skeleton (D:4)
  14 kobolds
  18 rats
172 creatures vanquished.

Notes
Turn   | Place    | Note
--------------------------------------------------------------
     0 | D:1      | Kex, the Minotaur Berserker, began the quest for the Orb.
     0 | D:1      | Reached XP level 1. HP: 19/19 MP: 1/1
   261 | D:1      | Reached skill level 4 in Fighting
   261 | D:1      | Reached XP level 2. HP: 21/27 MP: 1/1
   362 | D:2      | Acquired Trog's second power
   443 | D:2      | Reached XP level 3. HP: 32/34 MP: 2/2
   534 | D:2      | Found a shadowy altar of Dithmenos.
   534 | D:2      | Found an ancient bone altar of Kikubaaqudgha.
   536 | D:2      | Found a basalt altar of Yredelemnul.
   561 | D:2      | Found a blossoming altar of Fedhas.
   562 | D:2      | Found a radiant altar of Vehumet.
   563 | D:2      | Found a burning altar of Makhleb.
   563 | D:2      | Found a deep blue altar of Sif Muna.
   563 | D:2      | Found a white marble altar of Elyvilon.
   816 | D:2      | Reached XP level 4. HP: 39/41 MP: 2/2
   886 | D:2      | Found a snail-covered altar of Cheibriados.
  1163 | D:2      | Found a shattered altar of Ashenzari.
  1327 | D:3      | Reached skill level 5 in Axes
  1333 | D:3      | Reached skill level 5 in Fighting
  1436 | D:3      | Reached XP level 5. HP: 41/48 MP: 2/2
  2158 | D:3      | Noticed Terence
  2255 | D:3      | Killed Terence
  2325 | D:4      | Reached XP level 6. HP: 31/56 MP: 0/3
  2363 | D:4      | Acquired Trog's third power
  2483 | D:4      | Noticed a phantom
  2510 | D:4      | Killed a phantom
  2845 | D:4      | Reached skill level 6 in Axes
  3496 | D:4      | Noticed a moth of wrath
  3498 | D:4      | Found a bloodstained altar of Trog.
  3537 | D:4      | Reached skill level 5 in Dodging
  3537 | D:4      | Reached XP level 7. HP: 62/62 MP: 3/3
  3848 | D:5      | Entered Level 5 of the Dungeon
  4035 | D:5      | Noticed magipi's ghost (experienced MfGl)
  4076 | D:5      | Killed magipi's ghost
  4076 | D:5      | Reached skill level 1 in Stealth
  4076 | D:5      | Reached skill level 1 in Shields
  4076 | D:5      | Reached XP level 8. HP: 71/71 MP: 2/3
  4157 | D:5      | Reached skill level 7 in Axes
  4603 | D:5      | Reached skill level 5 in Armour
  5215 | D:6      | HP: 3/71 [orc warrior/hand axe (10)]
  5218 | D:6      | Killed from afar by an orc priest

Action                   |  1- 3 |  4- 6 |  7- 9 || total
-------------------------+-------+-------+-------++-------
Melee: Hand axe          |    54 |   199 |   231 ||   484
Invok: Berserk           |     1 |     1 |     3 ||     5
       Trog's Hand       |       |       |     3 ||     3
  Use: Scroll            |       |     8 |     1 ||     9
 Stab: Sleeping          |       |     1 |       ||     1
  Eat: Chunk             |       |    10 |     7 ||    17
       Bread ration      |       |       |     1 ||     1
